 Dungeon Crawl Stone Soup version 0.24-a0-516-g9de272bb65 (webtiles) character file.

Game seed: 11278613117371635161

1363 Arthanis the Chopper (level 8, -9/52 HPs)
             Began as a Gargoyle Berserker on July 21, 2019.
             Was an Elder of Trog.
             Killed by divine providence
             ... invoked by an orc priest
              (11 damage)
             ... on level 6 of the Dungeon.
             The game lasted 00:07:05 (3110 turns).

Arthanis the Chopper (Gargoyle Berserker)           Turns: 3110, Time: 00:07:06

Health: -9/52      AC: 18    Str: 25    XL:     8   Next: 64%
Magic:  8/8        EV:  9    Int:  9    God:    Trog [****..]
Gold:   316        SH:  0    Dex:  9    Spells: 7/7 levels left

rFire    . . .     SeeInvis .   t - +0 war axe
rCold    . . .     Gourm    .   (no shield)
rNeg     + . .     Faith    .   i - +0 chain mail
rPois    ∞         Spirit   .   q - +0 helmet (curse)
rElec    +         Reflect  .   (no cloak)
rCorr    .         Harm     .   (no gloves)
MR       ++...                  f - +0 pair of boots
Stlth    ..........             (no amulet)
HPRegen  1.17/turn              (no ring)
MPRegen  0.11/turn              C - +3 ring of strength

@: berserk cooldown, regenerating, slowed, very slow
A: negative energy resistance 1, electricity resistance, unbreathing,
petrification resistance, rot immunity, AC +5
a: Berserk, Trog's Hand, Brothers in Arms, Renounce Religion


You were on level 6 of the Dungeon.
You worshipped Trog.
Trog was greatly pleased with you.
You were near starving.

You visited 1 branch of the dungeon, and saw 6 of its levels.
You also visited: Sewer.

You collected 316 gold pieces.

Inventory:

Hand Weapons
 a - a +0 hand axe
 t - a +0 war axe (weapon)
 u - a +0 trident
Armour
 b - a +0 animal skin
 f - a +0 pair of boots (worn)
 i - a +0 chain mail (worn)
 q - a cursed +0 helmet (worn)
Magical Staves
 y - an uncursed staff of earth {unknown}
Jewellery
 r - an uncursed ring of ice
 C - a +3 ring of strength (right hand)
Wands
 e - a wand of random effects (25)
 B - a wand of digging (5)
 D - a wand of enslavement (9)
Scrolls
 d - a scroll of teleportation {unknown}
 g - a scroll of enchant armour
 j - 3 scrolls of blinking
 k - a scroll of magic mapping {unknown}
 l - a scroll of immolation {unknown}
 n - 4 scrolls of remove curse
 o - 2 scrolls of enchant weapon
 s - 2 scrolls of noise {unknown}
 v - a scroll of amnesia
Potions
 h - 2 potions of heal wounds {unknown}
 m - 4 potions of lignification
 p - 5 potions of curing
 w - a potion of berserk rage {unknown}
 x - 2 potions of flight {unknown}
 z - a potion of invisibility {unknown}
Comestibles
 c - 9 rations


   Skills:
 + Level 6.4 Fighting
 * Level 7.1 Axes
 + Level 6.0 Armour
 - Level 2.0 Dodging


You had 7 spell levels left.
You didn't know any spells.
Your spell library was empty.

Dungeon Overview and Level Annotations

Branches:
Dungeon (6/15)
 Temple: D:4-7

Altars:
Elyvilon
Makhleb
Uskayaw
Vehumet

Shops:
D:4 [


Innate Abilities, Weirdness & Mutations

You are resistant to torment.
Your stone body is resilient. (AC +5)
You are immune to poison.
You resist negative energy. (rN+)
You are resistant to electric shocks. (rElec)
You can survive without breathing.
You are immune to petrification.
You are immune to rotting.


Message History

You closely miss the worker ant.
The worker ant bites you but does no damage.
The orc wizard hits you but does no damage.
The orc priest barely misses you. The phantom barely misses you.
The worker ant barely misses you.
The orc wizard hits you but does no damage.
You hit the orc wizard.
The orc wizard is lightly wounded.
You closely miss the worker ant. You completely miss the phantom.
You hit the orc priest.
The worker ant bites you but does no damage.
The phantom barely misses you.
The orc priest invokes the aid of Beogh against you.
Beogh smites you!
* * * LOW HITPOINT WARNING * * *
The orc wizard barely misses you. The worker ant barely misses you.
The phantom blinks!
The orc priest mumbles some strange prayers to Beogh against you.
Beogh smites you!
You die...

.....##
####§####...
.....#######..#
#
..............#
..............##
.#
.....#######...#
#.# .....#
##.$## #..#
.....# #...#
#..# .##...#
#..o####..#
.####..
##.o@....#
##.a§...#
###.)W##
##...#######
#.........#
#...#######
#..## ##..#
##..##


You could see a phantom, a worker ant, an orc priest and an orc wizard.

Vanquished Creatures
  Grinder (D:3)
  2 sky beasts (D:5)
  An ogre (D:5)
  A crocodile (Sewer)
  Blork the orc (D:5)
  A bullfrog (D:6)
  2 crimson imps (D:5)
  A hound (D:5)
  3 orc priests
  3 orc wizards
  Natasha (thrice) (D:4)
  4 worker ants
  4 gnolls (D:5)
  4 adders
  A shadow imp (D:5)
  3 oozes
  An adder zombie (D:6)
  An adder skeleton (D:5)
  3 worms (D:3)
  5 dart slugs
  2 leopard geckos (D:5)
  20 orcs
  A ball python (D:1)
  14 bats
  7 giant cockroaches
  3 goblins
  13 hobgoblins
  5 jackals
  2 quokkas
  8 frilled lizards
  2 jackal skeletons
  5 kobolds
  A quokka skeleton (D:4)
  6 rats
134 creatures vanquished.

Vanquished Creatures (others)
  A quokka (D:5)
1 creature vanquished.

Grand Total: 135 creatures vanquished

Notes
Turn   | Place    | Note
-------+----------+-------------------------------------------
     0 | D:1      | Arthanis the Gargoyle Berserker began the quest for the
                  | Orb.
     0 | D:1      | Reached XP level 1. HP: 14/14 MP: 1/1
    42 | D:1      | Reached XP level 2. HP: 19/19 MP: 2/2
    84 | D:1      | Reached skill level 3 in Axes
   219 | D:1      | Reached XP level 3. HP: 21/23 MP: 3/3
   321 | D:1      | Reached ** piety under Trog
   627 | D:2      | Found a radiant altar of Vehumet.
   628 | D:2      | Found a hide-covered altar of Uskayaw.
   629 | D:2      | Found a burning altar of Makhleb.
   701 | D:2      | Reached XP level 4. HP: 28/29 MP: 4/4
  1173 | D:3      | Reached XP level 5. HP: 7/33 MP: 5/5
  1178 | D:3      | Noticed Grinder
  1225 | D:3      | Killed Grinder
  1225 | D:3      | Reached skill level 4 in Axes
  1225 | D:3      | Reached XP level 6. HP: 39/39 MP: 6/6
  1316 | D:3      | Reached *** piety under Trog
  1323 | D:3      | Reached skill level 5 in Axes
  1408 | D:3      | Found a glowing drain.
  1424 | Sewer    | Entered a sewer
  1487 | Sewer    | Reached skill level 5 in Fighting
  1487 | Sewer    | Reached XP level 7. HP: 39/44 MP: 7/7
  2027 | D:4      | Noticed Natasha
  2037 | D:4      | Killed Natasha
  2171 | D:4      | Noticed Natasha
  2174 | D:4      | Killed Natasha
  2203 | D:4      | Noticed Natasha
  2214 | D:4      | Killed Natasha
  2256 | D:4      | Found Kamoprin's Armour Shop.
  2415 | D:5      | Entered Level 5 of the Dungeon
  2451 | D:5      | Reached **** piety under Trog
  2531 | D:5      | Reached skill level 5 in Armour
  2612 | D:5      | Reached skill level 6 in Axes
  2636 | D:5      | Reached XP level 8. HP: 31/51 MP: 8/8
  2656 | D:5      | Found a white marble altar of Elyvilon.
  2658 | D:5      | Noticed Blork the orc
  2665 | D:5      | Killed Blork the orc
  3036 | D:6      | Reached skill level 7 in Axes
  3110 | D:6      | HP: 2/52 [orc priest/divine providence (11)]
  3110 | D:6      | Killed from afar by an orc priest

Levels and vault maps discovered:
D:1:      scummos_arrival_gate, layout_basic
D:2:      layout_loops_ring, chequers_temple_overflow_statue_of_worship,
          first_ration
D:3:      layout_rooms, cheibrodos_sewer_entry_bend, uniq_grinder
D:4:      layout_gridville, serial_shops, kennysheep_mini_moat, uniq_natasha
D:5:      layout_rooms, elyvilon_altar_4, uniq_blork_the_orc
D:6:      layout_layer_cave, nicolae_ossuary_entry_monument

Skill      XL: |  1  2  3  4  5  6  7  8 |
---------------+-------------------------+-----
Axes           | 3 4 5 6 7 |  7.1
Dodging        | 2 |  2.0
Armour         | 3 4 5 6 |  6.0
Fighting       | 4 5 6 |  6.4

Action                   |  1- 3 |  4- 6 |  7- 9 || total
-------------------------+-------+-------+-------++-------
Melee: Hand axe          |   103 |   121 |       ||   224
       War axe           |       |    44 |   280 ||   324
Invok: Berserk           |       |     3 |     3 ||     6
       Trog's Hand       |       |     1 |     1 ||     2
  Use: Scroll            |       |     3 |     3 ||     6
  Eat: Chunk             |       |     5 |     8 ||    13
Armor: Animal skin       |    15 |       |       ||    15
       Chain mail        |    40 |   165 |   225 ||   430
Dodge: Dodged            |    62 |    88 |   126 ||   276

Table legend:
 A = Non-vault XP
 B = Vault XP
 C = Vault XP percentage of total XP
 D = Non-vault monster count
 E = Vault monster count
 F = Vault count percentage of total count
                 A         B        C        D         E       F
            +---------+---------+-------+---------+---------+-------
      Total |    1407 |     541 |  27.8 |     123 |      11 |   8.2
            +---------+---------+-------+---------+---------+-------
        D:1 |      56 |       0 |   0.0 |      25 |       0 |   0.0
        D:2 |      64 |       0 |   0.0 |      24 |       0 |   0.0
        D:3 |     147 |     296 |  66.8 |      26 |       3 |  10.3
        D:4 |     235 |      35 |  13.0 |      21 |       1 |   4.5
        D:5 |     725 |      96 |  11.7 |      23 |       1 |   4.2
        D:6 |     180 |       0 |   0.0 |       4 |       0 |   0.0
      Sewer |       0 |     114 | 100.0 |       0 |       6 | 100.0
            +---------+---------+-------+---------+---------+-------
